 Dungeon Crawl Stone Soup version 0.28.0 (webtiles) character file.

Game seed: 14541602738017138640

16160 AmazingTV the Fighter (level 12, 0/112 HPs)
             Began as a Minotaur Fighter on July 1, 2022.
             Was a High Priest of Okawaru.
             Blown up by an orb spider (50 damage)
             ... with an orb of destruction
             ... on level 2 of the Lair of Beasts.
             The game lasted 00:45:31 (12960 turns).

AmazingTV the Fighter (Minotaur Fighter)           Turns: 12960, Time: 00:45:32

Health: 0/112      AC: 14    Str: 28    XL:     12   Next: 7%
Magic:  16/16      EV: 10    Int:  5    God:    Okawaru [*****.]
Gold:   654        SH:  5    Dex: 14    Spells: 11/11 levels left

rFire   + . .      SeeInvis .   b - +2 whip (venom) {mace}
rCold   + . .      Faith    .   c - +0 buckler
rNeg    . . .      Spirit   .   l - +0 scale mail
rPois   +          Reflect  .   (helmet restricted)
rElec   .          Harm     .   N - scarf {rC+ rF+}
rCorr   .          Rampage  .   V - +2 pair of gloves
Will    .....                   e - +0 pair of boots
Stlth   ..........              T - amulet of regeneration
HPRegen 1.08/turn               u - +6 ring of strength
MPRegen 0.15/turn               P - ring of poison resistance

@: no status effects
A: horns 2, retaliatory headbutt
a: Renounce Religion, Heroism, Finesse, Duel


You were on level 2 of the Lair of Beasts.
You worshipped Okawaru.
Okawaru was extremely pleased with you.
You visited 3 branches of the dungeon, and saw 13 of its levels.
You visited the Abyss 1 time.

You collected 654 gold pieces.


Innate Abilities, Weirdness & Mutations

You have a pair of horns on your head.
You reflexively headbutt those who attack you in melee.


   Skills:
 + Level 12.3 Fighting
 + Level 8.9(10.6) Axes
 + Level 9.1(10.7) Maces & Flails
 + Level 5.9 Throwing
 + Level 11.5 Armour
 - Level 6.0 Shields
 + Level 7.4 Invocations


You had 11 spell levels left.
You didn't know any spells.
Your spell library contained the following spells:

 Spells                   Type           Power      Damage    Failure   Level
 Pain                     Necr           0%         1d4       77%         1
 Blink                    Tloc           0%         N/A       88%         2
 Ozocubu's Armour         Ice            0%         N/A       98%         3
 Stone Arrow              Conj/Erth      0%         3d7       98%         3
 Vampiric Draining        Necr           0%         2d6       98%         3
 Sticky Flame             Conj/Fire      0%         2d3       100%        4
 Fireball                 Conj/Fire      0%         3d3       100%        5
 Manifold Assault         Tloc           0%         N/A       100%        5
 Ozocubu's Refrigeration  Ice            0%         4d5       100%        7
 Storm Form               Tmut/Air       0%         N/A       100%        7
 Animate Skeleton         Necr           Unusable   N/A       N/A         1
 Call Canine Familiar     Summ           Unusable   N/A       N/A         3

Inventory:

Hand Weapons
 a - a +0 flail of draining {mace}
   (You found it on level 3 of the Dungeon)
 b - a +2 whip of venom (weapon) {mace}
   (You took it off a kobold on level 2 of the Dungeon)
 t - a +2 dagger of speed {short}
   (You took it off a goblin on level 2 of the Dungeon)
 G - a +2 short sword of holy wrath {short}
   (You took it off an orc on level 5 of the Dungeon)
 H - a +2 vampiric hand axe {axe}
   (You found it on level 5 of the Dungeon)
 J - a +2 dire flail of protection {mace}
   (You took it off Edmund on level 5 of the Dungeon)
 S - a +1 flail {mace}
   (You took it off a wight on level 9 of the Dungeon)
 U - a +8 scimitar {long}
   (You took it off a wight on level 9 of the Dungeon)
Missiles
 i - 225 stones
 n - 80 bolts
 x - a throwing net {=f!f}
 D - 13 poisoned darts (quivered)
 F - 178 arrows
 I - 110 sling bullets
 L - 9 curare-tipped darts {=f}
 Q - 14 javelins
Armour
 c - a +0 buckler (worn)
 d - the +1 kite shield of Jimoeq {rF+++ Will+++ Str-2 Int-2}
   (Okawaru gifted it to you on level 2 of the Lair of Beasts)

   Str:       It affects your strength (-2).
   Int:       It affects your intelligence (-2).
   rF:        It renders you almost immune to fire.
   Will:      It greatly increases your willpower.
 e - a +0 pair of boots (worn)
   (You found it on level 1 of the Dungeon)
 l - a +0 scale mail (worn)
 N - a scarf of resistance (worn)
   (You found it on level 7 of the Dungeon)
 V - a +2 pair of gloves (worn)
   (You found it on level 9 of the Dungeon)
Jewellery
 u - a +6 ring of strength (left hand)
   (You found it on level 2 of the Dungeon)
 P - a ring of poison resistance (right hand)
   (You found it on level 7 of the Dungeon)
 T - an amulet of regeneration (around neck)
   (You found it on level 9 of the Dungeon)
Wands
 m - a wand of acid (4)
   (You found it on level 2 of the Dungeon)
 o - a wand of digging (1)
   (You took it off Sonja on level 2 of the Lair of Beasts)
 M - a wand of paralysis (5)
   (You found it on level 7 of the Dungeon)
Scrolls
 f - 3 scrolls of fog
 h - 4 scrolls of teleportation {@r4}
 p - 2 scrolls of enchant weapon {unknown}
 q - a scroll of brand weapon {unknown}
 r - a scroll of magic mapping {unknown}
 s - a scroll of vulnerability {unknown}
 v - a scroll of enchant armour {unknown}
 w - 2 scrolls of torment {unknown}
 B - 2 scrolls of blinking {!r}
 C - a scroll of noise {unknown}
 K - a scroll of holy word
 O - a scroll of summoning {unknown}
Potions
 g - a potion of cancellation {unknown}
 j - a potion of haste {unknown}
 k - 2 potions of invisibility
 z - a potion of lignification {unknown}
 A - 3 potions of curing {@q1}
 E - 2 potions of heal wounds {unknown}
 R - a potion of attraction {unknown}
 Z - a potion of flight {unknown}

Dungeon Overview and Level Annotations

Branches:
Dungeon (10/15)            Temple (1/1) D:4            Lair (2/6) D:8
 Spider (0/4) Lair:2
  Swamp: Lair:2-4    Shoals: Lair:2-4       Orc: D:9-12

Altars:
Ashenzari
Cheibriados
Dithmenos
Elyvilon
Fedhas
Gozag
Hepliaklqana
Kikubaaqudgha
Makhleb
Nemelex Xobeh
Okawaru
Qazlal
Sif Muna
Trog
Uskayaw
Vehumet
Wu Jian
Xom
Yredelemnul
Zin
The Shining One

Shops:
D:4 *   D:5 :   D:7 =   D:8 [

Annotations:
D:8 Psyche

### #### #.######## ### #
#.########.P####.+(>^+..####.####
.............##..≈^s.≈^^##.......
.............##^.≈≈≈≈≈.^#........
..............#..≈°≈≈..###.......
.............###^#○^#..##^.......
...#.#P.###...##^.○.#..##....###.
.....#####.....#..☼..^.#...#.# ##
.....!.#######..@○..^^...^####
#...#....## ###^..##..#.^.#
#...##....###.###....^.##.#
.......##..##..#########..#
8...8......##....## #....##
..<.....#....#....# #.....# #
8...8......#......####....## #
.......##..###.....##P....# #
#....#.#..## #....###.....# #


You could see an orb spider (charged, very poisoned).


Message History

You barely miss the yak. You headbutt the yak! The yak gores you. 😕 HP[-5]
You take 5 damage, and now have 93/112 hp.
You hit the yak.
The yak looks as sick as possible!
You headbutt the yak!
You kill the yak!
Okawaru accepts your kill.
You whack the yak!
You kill the yak!
Okawaru accepts your kill. 😕 HP[+1]
Items here: †††††. 😎 HP[+18]
Your hp is fully restored (112).
Sonja, the Graceful Assassin comes into view.
She is wielding a +1 short sword of draining, quivering curare-tipped darts and carrying a wand of digging (2).
Your line of fire to Sonja is blocked by a plant.
Continue anyway?
Okay, then.
Sonja shouts!
You throw a curare-tipped dart {=f}.
The curare-tipped dart {=f} barely misses Sonja.
Sonja throws a curare-tipped dart.
The curare-tipped dart closely misses you.
Sonja zaps a wand.
Some rock shatters into small pieces.
You throw a curare-tipped dart {=f}. The curare-tipped dart {=f} hits Sonja.
Sonja is poisoned.
Sonja convulses.
Sonja seems to slow down.
You block Sonja's attack. Sonja closely misses you. Sonja misses you.
You hit Sonja. Your headbutt misses Sonja. Sonja hits you but does no damage.
You feel drained. Sonja hits you but does no damage.
You feel drained. Sonja hits you but does no damage.
You feel drained. 😎 HP[-3]
You now have 109 max hp (-3).
You hit Sonja.
You gain the combat prowess of a mighty hero.
Sonja plants her feet in a plie.
Sonja closely misses you. You furiously retaliate!
You headbutt Sonja!!
You kill Sonja!
Okawaru accepts your kill.
Your life force feels restored. 😕 MP[-2]
You now have 112 max hp (+3).
You lost 2 mp, and now have 14/16 mp.
L - 8 curare-tipped darts {=f} (gained 2)
o - a wand of digging (1);
R - a red potion You now have 654 gold pieces (gained 16).
You see here a +1 short sword of draining {short}. 😕 HP[+2]
You regained 2 hp, and now have 111/112 hp.
L - 9 curare-tipped darts {=f} (gained 1) 😎 HP[+1]
Your hp is fully restored (112).
L - 10 curare-tipped darts {=f} (gained 1) 😎 MP[+1]
You feel like a meek peon again.
The orb spider hisses angrily.
The orb spider pulsates with a strange energy. 😎 MP[+1]
Your mp is fully restored (16).
The orb spider weaves a glowing orb of energy.
An orb of destruction comes into view.
The orb of destruction moves out of view.
The orb of destruction hits a rock wall.
The orb spider pulsates with a strange energy.
The orb spider weaves a glowing orb of energy.
An orb of destruction comes into view.
The orb spider begins to weave its threads into a brightly glowing ball.
The orb spider weaves a glowing orb of energy.
An orb of destruction comes into view.
The orb of destruction hits a rock wall.
The orb spider begins to weave its threads into a brightly glowing ball.
The orb spider weaves a glowing orb of energy.
An orb of destruction comes into view.
The orb of destruction moves out of view.
The orb of destruction hits a rock wall.
The orb spider begins to weave its threads into a brightly glowing ball.
You throw a curare-tipped dart {=f}.
The curare-tipped dart {=f} barely misses the orb spider.
You throw a poisoned dart.
The poisoned dart barely misses the orb spider.
You throw a poisoned dart. The poisoned dart hits the orb spider!
The orb spider is poisoned.
You throw a poisoned dart. The poisoned dart hits the orb spider.
The orb spider weaves a glowing orb of energy.
An orb of destruction comes into view.
The orb spider pulsates with a strange energy.
The orb of destruction hits you!!!
Ouch! That really hurt!
* * * LOW HITPOINT WARNING * * *
😨 HP[-66]
You take 66 damage, and now have 46/112 hp.
MASSIVE DAMAGE!! (PAUSE)
The orb spider weaves a glowing orb of energy.
An orb of destruction comes into view. 😨 HP[+1] 😨 HP[+1]
The orb spider spins a strand of pure energy. 😨 HP[+1]
The orb of destruction hits you!!!
You die...

Skill      XL: |  1  2  3  4  5  6  7  8  9 10 11 |
---------------+----------------------------------+-----
Fighting       | 4 5 6 8 10 11 12 | 12.3
Shields        | 4 5 6 |  6.0
Maces & Flails | 3 4 5 6 8 9 |  9.1
Armour         | 4 5 6 8 9 10 11 | 11.5
Axes           | 5 7 8 |  8.9
Invocations    | 4 5 7 |  7.4
Throwing       | 3 5 |  5.9

Action                   |  1- 3 |  4- 6 |  7- 9 | 10-12 || total
-------------------------+-------+-------+-------+-------++-------
Melee: Flail             |    57 |       |       |    48 ||   105
       Headbutt          |    11 |    19 |    70 |   119 ||   219
       Whip              |    11 |   117 |   369 |   337 ||   834
       Unarmed           |       |       |     1 |       ||     1
       Hand axe          |       |       |       |    13 ||    13
Throw: Dart              |       |       |     2 |    15 ||    17
Invok: Heroism           |       |       |     1 |     8 ||     9
  Use: Scroll            |       |     1 |     1 |     7 ||     9
       Potion            |       |       |     1 |     1 ||     2
Armor: Scale mail        |    39 |    36 |   130 |   135 ||   340
       Skin              |       |       |     1 |       ||     1
Dodge: Dodged            |    25 |    37 |   125 |   141 ||   328
Block: Buckler           |    15 |    21 |    70 |    88 ||   194

Levels and vault maps discovered:
D:1:      saegor_arrival_simple_c, layout_loops_ring
D:2:      layout_basic, shapermc_ecumenical_altar_hornbeckon, basic_altar,
          minmay_misc_feat_iff, uniq_robin, uniq_jessica
D:3:      layout_rooms
D:4:      layout_basic, minmay_temple_entry_junction, nicolae_shop_fire_sale
          [nicolae_sub_dead_trees]
D:5:      layout_rooms, gammafunk_ghost_necromancy, serial_shops,
          nicolae_shop_crystal, minmay_fountain_box, sigmund_edmund_badplayer
D:6:      minmay_general_purpose_star, layout_basic
D:7:      layout_gridville, serial_shops, nicolae_shop_waterfront
D:8:      layout_basic, erik_lair_orcish_takeover, serial_shops,
          nicolae_shop_hallway_plus, minmay_gold_behind_fungi, moated_statue,
          uniq_psyche
D:9:      layout_loops_ring, minmay_misc_feat_plants, minivault_23
D:10:     minmay_the_grid_octo_tiled_octocenter [minmay_the_grid_octo_pinwheel,
          minmay_the_grid_octo_teeth, minmay_the_grid_octo_clover_2,
          minmay_the_grid_octo_vomiting_pacman,
          minmay_the_grid_octo_prize_single_spiral,
          minmay_the_grid_square_5x5_shrine1, minmay_the_grid_square_5x5_three,
          minmay_the_grid_square_5x5_z, minmay_the_grid_square_5x5_v],
          layout_irregular_city, nicolae_ru_great_annihilating_truth,
          orc_0_dummy, grunt_ministairs_3, minmay_misc_feat_four_crosses,
          kennysheep_doodads, chequers_guarded_unrand_ignorance
Temple:   regret_index_temple_sigil_plot
Lair:1:   layout_loops_ring
Lair:2:   layout_long_grid, nicolae_spider_entry_orb_guardian,
          grunt_megastairs_2, infiniplex_staircase_pool, serial_bayou_shore_b,
          uniq_sonja

Notes
Turn   | Place    | Note
-------+----------+-------------------------------------------
     0 | D:1      | AmazingTV the Minotaur Fighter began the quest for the Orb.
     0 | D:1      | Reached XP level 1. HP: 19/19 MP: 0/0
     0 | D:1      | magus.rc [v1.9.6]
   160 | D:1      | Reached XP level 2. HP: 23/27 MP: 1/1
   479 | D:1      | Reached skill level 4 in Fighting
   493 | D:1      | You fall into a shaft and drop 1 floor!
   493 | D:2      | Noticed Jessica
   496 | D:2      | Reached skill level 4 in Shields
   501 | D:2      | Killed Jessica
   502 | D:2      | Reached skill level 3 in Maces & Flails
   502 | D:2      | Reached skill level 4 in Armour
   502 | D:2      | Reached XP level 3. HP: 10/33 MP: 2/2
   880 | D:2      | Reached XP level 4. HP: 19/41 MP: 3/3
   895 | D:2      | Found a shadowy altar of Dithmenos.
   928 | D:2      | HP: 8/41 [gnoll (6)]
   928 | D:2      | Noticed Robin
  1193 | D:3      | Noticed an ogre
  1222 | D:3      | HP: 7/41 [ogre (24)]
  1223 | D:3      | Killed an ogre
  1224 | D:3      | Reached skill level 4 in Maces & Flails
  1224 | D:3      | Reached skill level 5 in Shields
  1224 | D:3      | Reached XP level 5. HP: 8/47 MP: 4/4
  1527 | D:3      | Reached skill level 5 in Fighting
  1672 | D:3      | Reached skill level 5 in Armour
  2046 | D:2      | Killed Robin
  2049 | D:2      | Reached XP level 6. HP: 47/56 MP: 5/5
  2320 | D:2      | Found a faded altar of an unknown god.
  2639 | D:4      | Found Jat Keakk's Fire Supplies.
  2845 | D:4      | Found a staircase to the Ecumenical Temple.
  2856 | Temple   | Entered the Ecumenical Temple
  3166 | Temple   | Became a worshipper of Warmaster Okawaru
  3394 | D:4      | Reached skill level 5 in Maces & Flails
  3394 | D:4      | Reached XP level 7. HP: 62/62 MP: 6/6
  3431 | D:4      | You add the spells Ozocubu's Armour and Ozocubu's
                  | Refrigeration to your library.
  3711 | D:5      | Entered Level 5 of the Dungeon
  3764 | D:5      | Reached skill level 6 in Fighting
  3764 | D:5      | Reached skill level 6 in Armour
  3767 | D:5      | Reached skill level 6 in Shields
  4095 | D:5      | Found Xajaif's Book Shoppe.
  4216 | D:5      | Reached * piety under Okawaru
  4292 | D:5      | Found a runed translucent gate.
  4292 | D:5      | Found a runed translucent gate.
  4292 | D:5      | Found a runed translucent gate.
  4294 | D:5      | Noticed Pashador's ghost (weakling KoDe)
  4323 | D:5      | Noticed Edmund
  4356 | D:5      | Killed Edmund
  4357 | D:5      | Reached skill level 6 in Maces & Flails
  4357 | D:5      | Reached XP level 8. HP: 66/71 MP: 7/7
  4445 | D:5      | Noticed Sigmund
  4456 | D:5      | Killed Sigmund
  4457 | D:5      | Reached skill level 7 in Fighting
  4457 | D:5      | Reached skill level 7 in Armour
  4579 | D:5      | Reached skill level 7 in Maces & Flails
  4587 | D:5      | HP: 17/73 [killer bee (2)]
  4592 | D:5      | HP: 11/74 [poisoned by a killer bee]
  5131 | D:5      | Killed Pashador's ghost
  5233 | D:6      | Reached skill level 8 in Fighting
  5233 | D:6      | Reached skill level 8 in Armour
  5298 | D:6      | Reached ** piety under Okawaru
  5409 | D:6      | Reached skill level 8 in Maces & Flails
  5523 | D:6      | Reached XP level 9. HP: 36/78 MP: 8/8
  5527 | D:6      | Reached skill level 1 in Axes
  5527 | D:6      | Reached skill level 1 in Invocations
  5808 | D:6      | Reached skill level 2 in Axes
  5814 | D:6      | Reached skill level 9 in Fighting
  5814 | D:6      | Reached skill level 2 in Invocations
  5868 | D:6      | Reached skill level 3 in Axes
  6515 | D:7      | Found Zatod's Jewellery Boutique.
  6584 | D:7      | Reached skill level 3 in Invocations
  6938 | D:7      | Reached skill level 4 in Axes
  7375 | D:7      | Reached *** piety under Okawaru
  7622 | D:8      | Identified a +2 robe of the Archmagi
  7622 | D:8      | Noticed Psyche
  7655 | D:8      | You are cast into the Abyss!
  7655 | D:8      | Cast into level 1 of the Abyss (Psyche)
  7667 | Abyss:1  | Noticed a brown very ugly thing
  7667 | Abyss:1  | Noticed a brown ugly thing
  7667 | Abyss:1  | Noticed a brown ugly thing
  7686 | D:8      | You pass through the gate.
  7686 | D:8      | Escaped the Abyss
  7690 | D:8      | HP: 19/85 [warg (13)]
  7692 | D:8      | HP: 9/85 [Psyche (2)]
  7697 | D:8      | HP: 6/85 [poisoned by Psyche (arc of chaos)]
  7976 | D:8      | Reached skill level 4 in Invocations
  8278 | D:8      | Reached skill level 10 in Fighting
  8278 | D:8      | Reached skill level 5 in Axes
  8461 | D:8      | Reached skill level 9 in Armour
  8624 | D:8      | You pick up a book of Necromancy and begin reading...
  8624 | D:8      | You add the spells Pain and Vampiric Draining to your
                  | library.
  8644 | D:8      | Reached XP level 10. HP: 79/93 MP: 12/12
  8936 | D:8      | Found a staircase to the Lair.
  8945 | D:8      | Reached skill level 1 in Throwing
  8982 | D:8      | Found Giamufuo's Armour Shop.
 10028 | D:9      | Reached **** piety under Okawaru
 10044 | D:9      | Reached skill level 2 in Throwing
 10060 | D:9      | Received a gift from Okawaru
 10271 | D:10     | Entered Level 10 of the Dungeon
 10286 | D:10     | Noticed a two-headed ogre
 10310 | D:9      | Killed a two-headed ogre
 10311 | D:9      | Reached skill level 6 in Axes
 10311 | D:9      | Reached skill level 5 in Invocations
 10415 | D:10     | Noticed a fire dragon
 10420 | D:10     | Reached skill level 3 in Throwing
 10454 | D:10     | Noticed a boulder beetle
 10518 | Lair:1   | Entered Level 1 of the Lair of Beasts
 10545 | Lair:1   | Noticed a cane toad
 10555 | Lair:1   | Killed a cane toad
 10557 | Lair:1   | You add the spells Blink, Manifold Assault and Storm Form
                  | to your library.
 10636 | Lair:1   | Noticed a cane toad
 10640 | Lair:1   | Killed a cane toad
 10641 | Lair:1   | Reached skill level 10 in Armour
 10657 | Lair:1   | Reached skill level 11 in Fighting
 10689 | Lair:1   | Noticed a cane toad
 10698 | Lair:1   | Killed a cane toad
 10699 | Lair:1   | Reached skill level 7 in Axes
 10794 | Lair:1   | Received a gift from Okawaru
 10920 | Lair:1   | Reached XP level 11. HP: 52/102 MP: 11/14
 11028 | Lair:1   | Reached skill level 4 in Throwing
 11096 | Lair:1   | Reached skill level 6 in Invocations
 11125 | Lair:1   | Received a gift from Okawaru
 11357 | Lair:1   | Reached ***** piety under Okawaru
 11737 | Lair:1   | Reached skill level 8 in Axes
 11743 | Lair:1   | Received a gift from Okawaru
 11744 | Lair:1   | Reached skill level 5 in Throwing
 11950 | Lair:2   | Reached skill level 11 in Armour
 11977 | Lair:2   | Received a gift from Okawaru
 12088 | Lair:2   | Reached skill level 7 in Invocations
 12210 | Lair:2   | Found a hole to the Spider Nest.
 12210 | Lair:2   | Noticed an orb spider
 12280 | Lair:2   | Reached skill level 12 in Fighting
 12367 | Lair:2   | Identified the +1 kite shield of Jimoeq {rF+++ Will+++
                  | Str-2 Int-2} (Okawaru gifted it to you on level 2 of the
                  | Lair of Beasts)
 12367 | Lair:2   | Received a gift from Okawaru
 12408 | Lair:2   | You add the spells Stone Arrow, Sticky Flame and Fireball
                  | to your library.
 12408 | Lair:2   | Got the Volume of Creative Battle Magic
 12705 | Lair:2   | Reached skill level 9 in Maces & Flails
 12726 | Lair:2   | Reached XP level 12. HP: 98/112 MP: 16/16
 12861 | Lair:2   | Noticed Sonja
 12870 | Lair:2   | Killed Sonja
 12960 | Lair:2   | Blown up by an orb spider

Vanquished Creatures
  A two-headed ogre (D:9)
  Sonja (Lair:2)
  6 elephants (Lair:1)
  3 black mambas
  4 cane toads (Lair:1)
  An unseen horror (D:10)
  4 komodo dragons
  4 blink frogs (Lair:2)
  Sigmund (D:5)
  16 yaks
  A shadow (D:9)
  A wraith (D:9)
  A wyvern (Lair:2)
  A basilisk (Lair:2)
  Edmund (D:5)
  5 vampire mosquitoes
  2 wargs (D:8)
  3 water moccasins
  2 orc warriors (D:8)
  A hornet zombie (D:7)
  An ice beast (D:5)
  A black bear (D:4)
  A necrophage (D:6)
  2 ogres
  3 centaurs
  5 wolves (Lair:2)
  A kobold brigand (D:8)
  3 phantoms (D:6)
  9 bullfrogs
  A wyvern zombie (D:7)
  2 scorpions
  2 wyvern skeletons (D:7)
  9 killer bees
  7 wights (D:9)
  2 centaur zombies
  A bullfrog zombie (D:5)
  2 jellies (D:6)
  8 orc priests
  2 gnoll shamans
  A bullfrog skeleton (D:7)
  4 hounds
  3 iguanas
  A centaur skeleton (D:5)
  Jessica (D:2)
  6 orc wizards
  Robin (D:2)
  2 howler monkey skeletons
  13 gnolls
  7 adders
  2 shadow imps
  2 white imps
  2 worms
  The ghost of Pashador the Sneak, a weakling KoDe (D:5)
  2 dart slugs (D:2)
  16 orcs
  5 ball pythons
  3 bats
  8 endoplasms
  4 giant cockroaches
  13 goblins
  11 hobgoblins
  2 jackals (D:1)
  15 kobolds
  9 quokkas
  2 frilled lizards
  3 rats
260 creatures vanquished.

Vanquished Creatures (others)
  An orc wizard (D:9)
  4 fungi
  8 plants
  6 toadstools (D:8)
19 creatures vanquished.

Grand Total: 279 creatures vanquished

Table legend:
 A = Non-vault XP
 B = Vault XP
 C = Vault XP percentage of total XP
 D = Non-vault monster count
 E = Vault monster count
 F = Vault count percentage of total count
                 A         B        C        D         E       F
            +---------+---------+-------+---------+---------+-------
      Total |   18620 |    4467 |  19.3 |     227 |      34 |  13.0
            +---------+---------+-------+---------+---------+-------
        D:1 |      29 |       0 |   0.0 |      16 |       0 |   0.0
        D:2 |     150 |      64 |  29.9 |      31 |       8 |  20.5
        D:3 |     160 |       0 |   0.0 |      16 |       0 |   0.0
        D:4 |     402 |       0 |   0.0 |      21 |       0 |   0.0
        D:5 |     920 |     480 |  34.3 |      23 |       5 |  17.9
        D:6 |    1109 |     292 |  20.8 |      13 |       5 |  27.8
        D:7 |     865 |       0 |   0.0 |      17 |       0 |   0.0
        D:8 |     762 |     628 |  45.2 |      23 |       9 |  28.1
        D:9 |    1147 |    1232 |  51.8 |      18 |       3 |  14.3
       D:10 |       0 |     592 | 100.0 |       0 |       2 | 100.0
     Lair:1 |    7050 |     397 |   5.3 |      22 |       1 |   4.3
     Lair:2 |    6026 |     782 |  11.5 |      27 |       1 |   3.6
            +---------+---------+-------+---------+---------+-------

Illustrated notes

Table legend:
 A = Kills in this place as a percentage of kills in entire the game.
 B = Kills by you in this place as a percentage of kills by you in the entire game.
 C = Kills by friends in this place as a percentage of kills by friends in the entire game.
 D = Other kills in this place as a percentage of other kills in the entire game.
 E = Experience gained in this place as a percentage of experience gained in the entire game.
 F = Experience gained in this place divided by the number of levels of this place that you have seen.
                   A       B       C       D       E      F
               +-------+-------+-------+-------+-------+----------------------
         Total | 100.0 | 100.0 |   N/A | 100.0 | 100.0 | 1649.1
       Dungeon |  80.5 |  80.4 |   N/A | 100.0 |  38.3 | 883.2
          Lair |  19.5 |  19.6 |   N/A |   0.0 |  61.7 | 7127.5
               +-------+-------+-------+-------+-------+----------------------

Table legend: (Time is in decaauts)
 A = Elapsed time spent in this place.
 B = Non-inter-level travel time spent in this place.
 C = Inter-level travel time spent in this place.
 D = Time resting spent in this place.
 E = Time spent auto-exploring this place.
 F = Levels seen in this place.
 G = Mean time per level.
                   A        B        C        D        E       F      G
               +--------+--------+--------+--------+--------+-----+--------+
         Total |  12758 |  12125 |    633 |   3695 |   6323 |  14 |  911.3 |
       Dungeon |  10047 |   9580 |    467 |   3134 |   4906 |  10 | 1004.7 |
        Temple |    335 |    278 |     57 |      0 |    258 |   1 |  335.0 |
          Lair |   2342 |   2234 |    108 |    561 |   1158 |   2 | 1171.0 |
         Abyss |     33 |     33 |      0 |      0 |      0 |   1 |   33.0 |
               +--------+--------+--------+--------+--------+-----+--------+

Top non-repeatable levels by time:
     D:8: 1728 daAuts
  Lair:1: 1407 daAuts
     D:6: 1154 daAuts
     D:7: 1139 daAuts
     D:5: 1138 daAuts
     D:2: 1114 daAuts
     D:4: 1108 daAuts
     D:9: 1104 daAuts
     D:3: 985 daAuts
  Lair:2: 935 daAuts
     D:1: 505 daAuts
  Temple: 335 daAuts
    D:10: 68 daAuts
 Abyss:1: 33 daAuts
